 Dungeon Crawl Stone Soup version 0.31.0-12-g77e489cdc1 (webtiles) character file.

Game seed: 2513309005899904030

3241 Peloso the Carver (level 9, -1/76 (80) HPs)
             Began as a Minotaur Fighter on Feb 28, 2024.
             Was a Priest of Okawaru.
             Slain by a wight
             ... wielding a +3 long sword of freezing
              (2 damage)
             ... on level 7 of the Dungeon.
             The game lasted 00:10:45 (6197 turns).

Peloso the Carver (Minotaur Fighter)                Turns: 6197, Time: 00:10:46

HP:   -1/76 (80)    AC: 10    Str: 21    XL:     9   Next: 67%
MP:   8/8           EV:  9    Int:  5    God:    Okawaru [***...]
Gold: 267           SH: 10    Dex: 14    Spells: 8/8 levels left

rFire   . . .        a - +1 long sword
rCold   . . .        d - +0 kite shield
rNeg    . . .        f - +0 chain mail
rPois   .            (helmet restricted)
rElec   .            m - +0 cloak
rCorr   .            c - +1 pair of gloves
SInv    +            (no boots)
Will    .....        (no amulet) Stlth
                     i - ring of see invisible
HPRegen 0.32/turn    w - ring of flight
MPRegen 0.11/turn

%: no passive effects
@: about to teleport, corroded, attractive, flying, drained
A: horns 2, retaliatory headbutt
a: Renounce Religion, Heroism


You were on level 7 of the Dungeon.
You worshipped Okawaru.
Okawaru was most pleased with you.
You visited 1 branch of the dungeon, and saw 8 of its levels.

You collected 267 gold pieces.

Inventory:

Hand Weapons
 a - a +1 long sword (weapon)
 b - a +2 whip of flaming
Armour
 c - a +1 pair of gloves (worn)
 d - a +0 kite shield (worn)
 f - a +0 chain mail (worn)
 j - the +3 leather armour "Vuipsorch" {rC++}
   (You found it on level 3 of the Dungeon)

   rC++:      It greatly protects you from cold.
 m - a +0 cloak (worn)
Jewellery
 i - a ring of see invisible (left hand)
 w - a ring of flight (right hand)
 C - a ring of magical power
Wands
 e - a wand of polymorph (5)
 l - a wand of flame (12)
 z - a wand of iceblast (9)
Scrolls
 g - a scroll of poison
 o - a scroll of immolation
 r - a scroll of amnesia
 s - a scroll of enchant weapon
 u - a scroll of fog
 v - a scroll of enchant armour
 A - a scroll of noise {unknown}
Potions
 k - 2 potions of brilliance
 n - 2 potions of might
 p - 2 potions of mutation
 q - 2 potions of enlightenment
 t - a potion of attraction
 B - a potion of curing {unknown}
 D - a potion of heal wounds {unknown}


   Skills:
 + Level 7.7 Fighting
 + Level 10.6 Long Blades
 + Level 8.2 Armour
 + Level 4.0 Dodging
 + Level 1.5 Stealth
 + Level 6.5 Shields
 + Level 0.4 Invocations


You had 8 spell levels left.
You didn't know any spells.
Your spell library contained the following spells:

 Spells                   Type           Power      Damage    Failure   Level
 Magic Dart               Conj           0%         1d3       99%         1
 Blink                    Tloc           0%         N/A       100%        2
 Lesser Beckoning         Tloc           0%         N/A       100%        2
 Momentum Strike          Conj/Tloc      0%         3d8       100%        2
 Searing Ray              Conj           0%         2d4       100%        2
 Ozocubu's Armour         Ice            0%         N/A       100%        3
 Fulminant Prism          Conj/Alch      0%         3d5       100%        4
 Ignite Poison            Fire/Alch      0%         N/A       100%        4
 Sticky Flame             Fire/Alch      0%         2d4       100%        4
 Metabolic Englaciation   Hex/Ice        0%         N/A       100%        5
 Ignition                 Fire           0%         3d3       100%        8
 Sculpt Simulacrum        Ice/Alch       Unusable   N/A       N/A         6

Dungeon Overview and Level Annotations

Branches:
Dungeon (8/15)             Temple (0/1) D:7
   Lair: D:8-11

Altars:
Fedhas
Hepliaklqana
Kikubaaqudgha
Makhleb
Okawaru
Trog
Uskayaw

Shops:
D:2 :


Innate Abilities, Weirdness & Mutations

You have a pair of horns on your head.
You reflexively headbutt those who attack you in melee.


Message History

The acid dragon attacks as it pursues you!
The acid dragon bites you!
The acid dragon claws you but does no damage.
The bullfrog barely misses you. You furiously retaliate!
You headbutt the bullfrog. You block the howler monkey's attack.
The bullfrog snags a nearby fly with its tongue.
The howler monkey attacks as it pursues you!
The howler monkey hits you but does no damage.
The killer bee stings you but does no damage.
The killer bee stings you but does no damage.
You block the bullfrog's attack.
The wight hits you with a +3 long sword of freezing.
You feel drained. The wight freezes you. You block the killer bee's attack.
There is a stone staircase leading up here.
The killer bee stings you but does no damage. x2
You block the bullfrog's attack. The killer bee barely misses you.
You block the wight's attack. You block the killer bee's attack.
You fly upwards.
There is a stone staircase leading down here.
Unknown command.
As you read the scroll of teleportation, it crumbles to dust.
You feel strangely unstable. You block the bullfrog's attack.
The killer bee stings you but does no damage. x2
The bullfrog hits you but does no damage.
The wight hits you with a +3 long sword of freezing.
* * * LOW HITPOINT WARNING * * *
The wight freezes you.
* * * LOW HITPOINT WARNING * * *
The killer bee barely misses you. The killer bee stings you.
* * * LOW HITPOINT WARNING * * *
It was a potion of attraction.
You feel attractive to monsters.
The killer bee stings you but does no damage.
The killer bee stings you.
* * * LOW HITPOINT WARNING * * *
You block the bullfrog's attack.
The wight hits you with a +3 long sword of freezing!
* * * LOW HITPOINT WARNING * * *
You feel drained.
You die...

#...........#.# #.####...
#...........#.######....'...
#)............##.....####...
#.........#####..###.# #...
###'#....<.....).....####...
########.#....#.###..#######.....
.?##.....#......#...## #.....
#.##.....#...###zF#### #.....
#.##.....#.....y@y...# #.....
#.###....#...#######.#######.....
#........###.....................
######.#......######........###..
#.#...........#........# #..
#.#.##........#........# #..
#........##..##........# #..
######......................# #..
...............#.##....##...# #..


You could see a bullfrog, 2 killer bees and a wight.

Vanquished Creatures
  Pikel (D:7)
  Maggie (D:6)
  Sigmund (D:3)
  Menkaure (D:5)
  Edmund (D:5)
  Duvessa (D:6)
  4 ice beasts
  An ogre (D:5)
  A sky beast (D:7)
  2 centaurs
  3 phantoms
  4 lemures (D:7)
  A gnoll sergeant (D:7)
  A bullfrog (D:6)
  Dowan (D:6)
  3 howler monkeys
  A bombardier beetle (D:6)
  5 hounds
  2 orc priests (D:3)
  Crazy Yiuf (D:3)
  3 sleepcaps
  2 iguanas
  3 orc wizards
  Robin (D:3)
  10 gnolls
  9 adders
  A white imp (D:7)
  4 ribbon worms
  A dart slug (D:3)
  23 orcs
  7 ball pythons
  6 endoplasms
  4 giant cockroaches
  11 goblins
  12 hobgoblins
  3 kobolds (D:1)
  2 quokkas
  6 bats
  4 frilled lizards
  6 rats
154 creatures vanquished.

Notes
Turn   | Place    | Note
-------+----------+-------------------------------------------
     0 | D:1      | Peloso the Minotaur Fighter began the quest for the Orb.
     0 | D:1      | Reached XP level 1. HP: 19/19 MP: 0/0
   103 | D:1      | Reached XP level 2. HP: 19/27 MP: 1/1
   623 | D:2      | Reached XP level 3. HP: 27/33 MP: 2/2
   792 | D:2      | Found Neohol's Vocational Training.
   929 | D:1      | Reached skill level 3 in Long Blades
   992 | D:1      | Reached XP level 4. HP: 21/40 MP: 3/3
  1227 | D:2      | Reached skill level 4 in Long Blades
  1708 | D:3      | Noticed Sigmund
  1722 | D:3      | Found a burning altar of Makhleb.
  1825 | D:3      | Noticed Robin
  1842 | D:3      | Killed Robin
  1843 | D:3      | Reached XP level 5. HP: 40/46 MP: 4/4
  1858 | D:3      | Found an iron altar of Okawaru.
  1885 | D:3      | Became a worshipper of Warmaster Okawaru
  1939 | D:3      | Identified the +3 leather armour "Vuipsorch" {rC++}
  2056 | D:3      | Killed Sigmund
  2056 | D:3      | Reached * piety under Okawaru
  2057 | D:3      | Reached skill level 5 in Long Blades
  2057 | D:3      | Reached skill level 5 in Armour
  2057 | D:3      | Reached skill level 1 in Dodging
  2057 | D:3      | Reached XP level 6. HP: 51/53 MP: 5/5
  2416 | D:3      | Found a runed translucent door.
  2417 | D:3      | Noticed Crazy Yiuf
  2424 | D:3      | Killed Crazy Yiuf
  2627 | D:3      | Found a hazy altar of Hepliaklqana.
  2635 | D:3      | Found a faded altar of an unknown god.
  2884 | D:3      | Reached skill level 5 in Fighting
  2958 | D:4      | Reached XP level 7. HP: 57/59 MP: 6/6
  3016 | D:4      | Reached skill level 6 in Long Blades
  3429 | D:4      | Found an ancient bone altar of Kikubaaqudgha.
  3429 | D:4      | Found a bloodstained altar of Trog.
  3522 | D:5      | Entered Level 5 of the Dungeon
  3543 | D:5      | Found a hide-covered altar of Uskayaw.
  3551 | D:5      | Reached skill level 5 in Shields
  3624 | D:5      | Found a blossoming altar of Fedhas.
  3639 | D:5      | Noticed Edmund
  3641 | D:5      | Noticed Menkaure
  3646 | D:5      | Killed Menkaure
  3654 | D:5      | Killed Edmund
  3655 | D:5      | Reached skill level 7 in Long Blades
  3659 | D:5      | Reached XP level 8. HP: 7/69 MP: 4/7
  4065 | D:5      | Reached ** piety under Okawaru
  4358 | D:5      | Reached skill level 8 in Long Blades
  4531 | D:6      | Noticed Maggie
  4548 | D:6      | Killed Maggie
  4549 | D:6      | Reached skill level 9 in Long Blades
  4549 | D:6      | Reached skill level 1 in Stealth
  4652 | D:6      | Reached XP level 9. HP: 76/78 MP: 8/8
  4782 | D:6      | Noticed Duvessa
  4799 | D:6      | Killed Duvessa
  4800 | D:6      | Noticed Dowan
  4816 | D:6      | Killed Dowan
  5126 | D:6      | Reached *** piety under Okawaru
  5308 | D:7      | Found a staircase to the Ecumenical Temple.
  5318 | D:7      | Reached skill level 10 in Long Blades
  5698 | D:7      | Noticed Pikel
  5775 | D:7      | Killed Pikel
  6197 | D:7      | HP: 1/78 [wight/+3 long sword of freezing (8)]
  6197 | D:7      | Slain by a wight

Illustrated notes

Levels and vault maps discovered:
D:1:      lightli_iron_boxes, layout_basic
D:2:      layout_loops_ring, nicolae_shop_vocational
D:3:      layout_loops_ring, beargit_hepliaklqana_dungeon_heroes,
          mainiacjoe_overflow_tiny_flanked, old_standard_altar, uniq_sigmund,
          uniq_robin, uniq_crazy_yiuf_cottage
D:4:      layout_loops_ring, gammafunk_temple_overflow_wave,
          chequers_serial_rivers_micro_e
D:5:      layout_basic, nicolae_uskayaw_murder_on_the_dancefloor,
          mainiacjoe_overflow_surrounded_room, uniq_edmund, uniq_menkaure
D:6:      dreamdust_elfheim, layout_rooms, uniq_maggie
D:7:      layout_basic, minmay_temple_entry_tees, palyth_stone_intersect,
          amcnicky_mini_corridor_feature, grunt_decor_one_mirror, uniq_pikel
D:8:      layout_rooms, kennysheep_mini

Skill      XL: |  1  2  3  4  5  6  7  8  9 |
---------------+----------------------------+-----
Armour         | 4 5 6 7 8 |  8.2
Shields        | 4 5 6 |  6.5
Fighting       | 4 5 6 7 |  7.7
Long Blades    | 3 4 5 7 9 10 | 10.6
Dodging        | 1 2 3 4 |  4.0
Stealth        | 1 |  1.5
Invocations    | |  0.4

Action                     |  1- 3 |  4- 6 |  7- 9 || total
---------------------------+-------+-------+-------++-------
  Melee: Long sword        |    71 |   154 |   275 ||   500
         Headbutt          |    11 |    28 |    73 ||   112
 Invoke: Heroism           |       |     1 |     2 ||     3
    Use: Scroll            |       |     8 |     6 ||    14
         Potion            |       |     3 |     2 ||     5
 Armour: Scale mail        |    60 |    10 |       ||    70
         Chain mail        |       |   109 |   209 ||   318
  Dodge: Dodged            |    40 |    79 |   110 ||   229
  Block: Buckler           |    23 |    51 |    41 ||   115
         Kite shield       |       |       |    62 ||    62
